[Event "*** Titled Tuesday Blitz"]
[Site "Chess.com"]
[Date "2021.02.02"]
[Round "3"]
[White "marvinguevara"]
[Black "pavelalexandru07"]
[Result "1-0"]
[WhiteElo "2139"]
[BlackElo "2328"]
[TimeControl "180+1"]
[EndTime "10:29:40 PST"]
[Termination "marvinguevara won by resignation"]

1. e4 c5 2. d4 cxd4 3. c3 dxc3 4.
Nxc3 Nc6 5. Nf3 a6 6. Bc4 e6 7. O-O Nge7 8. Bg5 f6 9. Bh4 Ng6 10. Bg3 Be7 11. Nd5 Nce5 12. Nxe5 fxe5 13. f4 exd5 14. exd5 d6 15. fxe5 b5 16. Bb3 Bd7 17.
e6 Bc8 18. Qh5 Bb7 19. Bc2 Rf8 20. Bxg6+ 1-0

[Event "*** Titled Tuesday Blitz"]
[Site "Chess.com"]
[Date "2021.02.02"]
[Round "3"]
[White "ohajek96"]
[Black "PriSachu"]
[Result "0-1"]
[WhiteElo "2245"]
[BlackElo "2478"]
[TimeControl "180+1"]
[EndTime "10:29:41 PST"]
[Termination "PriSachu won on time"]

1. e4 e5 2. Nf3 Nc6 3. Bb5 a6 4. Ba4 Nf6 5. O-O Bc5 6. c3 O-O 7. d4 Ba7 8. Bxc6 dxc6 9. Nxe5 Nxe4 10. Nd2 Nxd2 11. Bxd2 c5 12. Be3 cxd4 13. cxd4 Be6 14. Qf3 Qd5 15. Qg3 Bxd4 16. Bxd4 Qxd4 17. Rad1 Qxb2 18.
Rc1 c6 19. Rb1 Qxa2 20. Rxb7 Qd5 21. h4 a5 22. h5 h6 23. Rc1 a4 24. Rxc6 a3 25. Rcc7 a2 26. Rxf7 a1=Q+ 27. Kh2 Qdxe5 28. Rxg7+ Qxg7 0-1

[Event "*** Titled Tuesday Blitz"]
[Site "Chess.com"]
[Date "2021.02.02"]
[Round "3"]
[White "NodariousBIG"]
[Black "Boninknights"]
[Result "0-1"]
[WhiteElo "2746"]
[BlackElo "2464"]
[TimeControl "180+1"]
[EndTime "10:29:45 PST"]
[Termination "Boninknights won by checkmate"]

1. e4 c5 2. c3 e6 3. d4 d5 4. exd5 exd5 5. Nf3 Nc6 6. Be3 c4 7. b3 cxb3 8. axb3 Bd6 9. Bd3 Nge7 10. O-O Bf5 11.
c4 O-O 12. Nc3 Nb4 13. Bxf5 Nxf5 14. c5 Bc7 15. Ra4 a5 16. Qd2 b6 17. Bf4 bxc5 18.
dxc5 d4 19. Nb5 Bxf4 20. Qxf4 g6 21. g4 Nd3 22. Qd2 Nxc5 23. gxf5 Nxa4 24. bxa4 d3 25.
Nfd4 Qh4 26. Qxd3 Rad8 27. Re1 Rd5 28. Re4 Qg5+ 29. Qg3 Qc1+ 30. Kg2 Qd1 31. Qf3 Qxa4 32.
fxg6 fxg6 33. Rf4 Rxf4 34. Qxd5+ Rf7 35. Nd6 Qd7 36. Nc6 Qg4+ 37. Kf1 Qh3+ 38. Ke1 Qc3+ 39. Ke2 Qc2+ 40. Kf1 Qxf2# 0-1

[Event "*** Titled Tuesday Blitz"]
[Site "Chess.com"]
[Date "2021.02.02"]
[Round "3"]
[White "marcodobrikov"]
[Black "Zmeeed63"]
[Result "0-1"]
[WhiteElo "2524"]
[BlackElo "2374"]
[TimeControl "180+1"]
[EndTime "10:29:46 PST"]
[Termination "Zmeeed63 won by resignation"]

1. e4 c5 2. Nf3 e6 3. d4 cxd4 4.
Nxd4 Nf6 5. Nc3 Bb4 6. Bd3 Nc6 7. Nxc6 bxc6 8. O-O d5 9. exd5 cxd5 10. Bd2 O-O 11.
a3 Be7 12. b4 Bb7 13. Re1 Rc8 14. Nb5 a6 15. Nd4 Ne4 16. Bxe4 dxe4 17. Be3 Bf6 18.
Qd2 Bd5 19. Rad1 Qc7 20. Rc1 Rfd8 21. Bg5 Bxg5 22. Qxg5 Qc3 23. Ne2 Qxa3 24. c4 f6 25.
Qg4 Rxc4 26. Rxc4 Bxc4 27. Qxe4 Qd3 28. Qc6 Qxe2 29. Ra1 0-1

[Event "*** Titled Tuesday Blitz"]
[Site "Chess.com"]
[Date "2021.02.02"]
[Round "3"]
[White "tteshan"]
[Black "FMOlexandrProhorov"]
[Result "1-0"]
[WhiteElo "2347"]
[BlackElo "2138"]
[TimeControl "180+1"]
[EndTime "10:29:46 PST"]
[Termination "tteshan won by resignation"]

1. e4 c5 2. Nf3 e6 3. d4 cxd4 4. Nxd4 Qb6 5. c4 Bc5 6. Nb3 Bxf2+ 7. Ke2 Nf6 8. Nc3 a5 9. e5 Ng4 10. Ne4 Be3 11. c5 Qc6 12. Nd6+ Ke7 13. Bxe3 Nxe3 14. Kxe3 a4 15. Bb5 Qxg2 16. Nd4 Nc6 17. Bxc6 bxc6 18. Qe2 Qh3+ 19. Nf3 Ba6 20. Qd2 Rab8 21. Ne4 Rb7 22.
b4 Rhb8 23. a3 Kf8 24. Rhg1 h6 25. Rg3 Qh5 26. Rag1 g5 27. Qd6+ Kg8 28. Nf6+ 1-0

[Event "*** Titled Tuesday Blitz"]
[Site "Chess.com"]
[Date "2021.02.02"]
[Round "3"]
[White "Tenamu"]
[Black "NateSolon"]
[Result "1-0"]
[WhiteElo "2387"]
[BlackElo "2533"]
[TimeControl "180+1"]
[EndTime "10:29:48 PST"]
[Termination "Tenamu won by resignation"]

1. d4 d5 2. Nc3 Nf6 3. Bf4 e6 4. Nb5 Na6 5. e3 Be7 6. Nf3 O-O 7. Be2 c6 8. Nc3 c5 9. Bxa6 bxa6 10. O-O Nh5 11. Be5 f6 12. Bg3 Nxg3 13. hxg3 Rb8 14. Rb1 Qa5 15. Re1 c4 16. a3 Bd7 17. Qd2 Rb7 18.
e4 Be8 19. exd5 exd5 20. Nh4 Bg6 21. Nxg6 hxg6 22. Qe3 Rd8 23. Qf3 Bf8 24. Qg4 Qb6 25. Rbd1 f5 26. Qf3 Rbd7 27. Re5 Qxb2 28. Nxd5 Qxc2 29. Nf4 Rxd4 30. Rxd4 Rxd4 31. Kh2 Rd2 32. Nxg6 Bd6 33. Rxf5 Qd3 34. Qh5 1-0

[Event "*** Titled Tuesday Blitz"]
[Site "Chess.com"]
[Date "2021.02.02"]
[Round "3"]
[White "Stronger1799"]
[Black "SantoBlue"]
[Result "0-1"]
[WhiteElo "2609"]
[BlackElo "2830"]
[TimeControl "180+1"]
[EndTime "10:29:49 PST"]
[Termination "SantoBlue won by checkmate"]

1. e4 c5 2. Nf3 Nc6 3. d4 cxd4 4.
Nxd4 Nf6 5. Nc3 d6 6. f3 e5 7. Nb3 Be7 8. Be3 O-O 9. Qd2 Be6 10.
O-O-O a5 11. a4 Nb4 12. g4 Nd7 13. Kb1 Qc8 14. g5 Nc5 15. Nxc5 dxc5 16. Qg2 Rd8 17. Rxd8+ Qxd8 18. h4 Nc6 19. h5 Nd4 20. g6 Kh8 21.
h6 fxg6 22. hxg7+ Kxg7 23. Qh2 h5 24. Qxe5+ Bf6 25. Qxc5 Nxf3 26. Be2 Rc8 27. Qb5 Nd2+ 28. Bxd2 Qxd2 29. Bxh5 Rxc3 30. Qxb7+ Bf7 31. Bxg6 Qxc2+ 32. Ka1 Ra3# 0-1

[Event "*** Titled Tuesday Blitz"]
[Site "Chess.com"]
[Date "2021.02.02"]
[Round "3"]
[White "kobemagic"]
[Black "TST2014"]
[Result "0-1"]
[WhiteElo "2364"]
[BlackElo "2547"]
[TimeControl "180+1"]
[EndTime "10:29:49 PST"]
[Termination "TST2014 won by resignation"]

1. c4 Nf6 2. g3 c6 3. Bg2 d5 4. Nf3 Bg4 5. Ne5 Be6 6. cxd5 Bxd5 7. Nf3 Nbd7 8. Nc3 Bc4 9. d3 Ba6 10. O-O e5 11. Qa4 Be7 12. Ng5 O-O 13. Be3 h6 14. Nge4 Nd5 15. Nxd5 cxd5 16. Nc3 d4 17. Bxd4 exd4 18. Qxd4 Bf6 19. Qg4 Ne5 20. Qf5 Qd7 21. Qh5 Qg4 22. Qxg4 Nxg4 23. h3 Ne5 24. Ne4 Be7 25.
a3 Rac8 26. Rac1 Nc6 27. Rfe1 Nd4 28. Rxc8 Rxc8 29. Nc3 Bxa3 30. b3 0-1

[Event "*** Titled Tuesday Blitz"]
[Site "Chess.com"]
[Date "2021.02.02"]
[Round "3"]
[White "dennisodessa"]
[Black "andy_rekt"]
[Result "1-0"]
[WhiteElo "2458"]
[BlackElo "2238"]
[TimeControl "180+1"]
[EndTime "10:29:49 PST"]
[Termination "dennisodessa won by checkmate"]

1. d4 f5 2. c4 Nf6 3. g3 g6 4. Bg2 Bg7 5. Nf3 O-O 6. O-O d6 7.
Nc3 Nc6 8. Qb3 Kh8 9. Rd1 a6 10. d5 Na5 11. Qa4 c5 12. dxc6 Nxc6 13. Nd4 Nxd4 14.
Rxd4 Ne4 15. Rd3 Nc5 16. Qc2 Nxd3 17. Qxd3 Qc7 18. Nd5 Qd8 19. Bg5 Rf7 20. Rd1 Be6 21. Nf4 Bc8 22. b3 Rb8 23. c5 h6 24. Bd5 Kg8 25. Bxf7+ Kxf7 26. Qc4+ d5 27. Rxd5 Qa5 28.
Rd8+ e6 29. Rxc8 Rxc8 30. Qxe6+ Kf8 31. Be7+ Ke8 32. Bd6+ Kd8 33. Qe7# 1-0

[Event "*** Titled Tuesday Blitz"]
[Site "Chess.com"]
[Date "2021.02.02"]
[Round "3"]
[White "MasterLeif"]
[Black "The_filthy"]
[Result "1-0"]
[WhiteElo "2447"]
[BlackElo "2225"]
[TimeControl "180+1"]
[EndTime "10:29:49 PST"]
[Termination "MasterLeif won by resignation"]

1. e4 e6 2. d4 d5 3. Nc3 Nf6 4. e5 Nfd7 5. f4 c5 6. Nf3 Nc6 7. Be3 Be7 8. Qd2 O-O 9. O-O-O c4 10. f5 b5 11. g4 Nb6 12. Ne2 b4 13. c3 Na4 14. Qc2 Qa5 15. f6 gxf6 16. Bh6 Rb8 17. exf6 Bxf6 18. Bxf8 Kxf8 19. g5 Be7 20. Qxh7 Ke8 21.
g6 bxc3 22. g7 cxb2+ 23. Kb1 Nb4 24. g8=Q+ Kd7 25. Qgxf7 Nc6 26. Ne5+ Nxe5 27. Qxe7+ Kc6 28.
dxe5 Rb7 29. Qd6+ 1-0

[Event "*** Titled Tuesday Blitz"]
[Site "Chess.com"]
[Date "2021.02.02"]
[Round "3"]
[White "Kapitan_Bayan"]
[Black "Caracternin123"]
[Result "1-0"]
[WhiteElo "2445"]
[BlackElo "2667"]
[TimeControl "180+1"]
[EndTime "10:29:50 PST"]
[Termination "Kapitan_Bayan won by resignation"]

1. d4 d5 2. c4 e6 3. Nc3 a6 4. cxd5 exd5 5. Bf4 Nf6 6. e3 Bd6 7. Nge2 Bxf4 8. Nxf4 O-O 9. Bd3 c6 10. O-O Nbd7 11. b4 Re8 12. a4 Nb6 13. b5 cxb5 14.
axb5 a5 15. Qb3 Be6 16. Rfc1 Qd6 17. Na4 Nxa4 18. Rxa4 Nd7 19. Qc2 Nb6 20. Raa1 Rec8 21. Qe2 a4 22. Qh5 g6 23. Qh6 Bd7 24. Nh5 1-0

[Event "*** Titled Tuesday Blitz"]
[Site "Chess.com"]
[Date "2021.02.02"]
[Round "3"]
[White "Azde"]
[Black "GoltsevDmitry2000"]
[Result "1/2-1/2"]
[WhiteElo "2437"]
[BlackElo "2633"]
[TimeControl "180+1"]
[EndTime "10:29:50 PST"]
[Termination "Game drawn by repetition"]

1. d4 Nf6 2. c4 e6 3. Nf3 Bb4+ 4. Bd2 Qe7 5. g3 Ne4 6. Bg2 Nxd2 7. Nbxd2 Nc6 8. a3 Bxd2+ 9. Qxd2 a5 10. O-O O-O 11. e4 d6 12. b4 Bd7 13. d5 exd5 14. exd5 Ne5 15. Qd4 axb4 16. axb4 b6 17. Nxe5 dxe5 18. Qc3 Qf6 19. Rxa8 Rxa8 20. c5 Rb8 21. Re1 bxc5 22. bxc5 h6 23. h4 Re8 24. f4 Qg6 25. Rxe5 Ra8 26.
Re2 Qg4 27. Qf3 Qf5 28. Kh2 Ra1 29. c6 Bc8 30. Re8+ Kh7 31. Qe4 Ra2 32. Kh1 Ra1+ 33. Kh2 Ra2 34. Kg1 Ra1+ 35. Kh2 1/2-1/2

[Event "*** Titled Tuesday Blitz"]
[Site "Chess.com"]
[Date "2021.02.02"]
[Round "3"]
[White "Mikhail_Golubev"]
[Black "krasavetc"]
[Result "1-0"]
[WhiteElo "2528"]
[BlackElo "2340"]
[TimeControl "180+1"]
[EndTime "10:29:50 PST"]
[Termination "Mikhail_Golubev won by resignation"]

1. e4 e6 2. d4 d5 3. Nc3 Nf6 4. Bg5 Bb4 5. e5 h6 6. Bd2 Nfd7 7. Qg4 Kf8 8. Nf3 c5 9. dxc5 Nc6 10. O-O-O Bxc5 11. Qg3 Bb4 12. a3 Ba5 13. Nb5 Bxd2+ 14. Rxd2 Kg8 15. h4 a6 16. Nbd4 Nxd4 17. Rxd4 Nf8 18.
Rg4 g6 19. h5 g5 20. Nxg5 hxg5 21. Rxg5+ Ng6 22. Rh3 Bd7 23. hxg6 Rxh3 24. gxf7+ Kxf7 25. Rg7+ Ke8 26. Rg8+ 1-0

[Event "*** Titled Tuesday Blitz"]
[Site "Chess.com"]
[Date "2021.02.02"]
[Round "3"]
[White "KaterinaMiroshnik"]
[Black "profofchess"]
[Result "1-0"]
[WhiteElo "2607"]
[BlackElo "2410"]
[TimeControl "180+1"]
[EndTime "10:29:51 PST"]
[Termination "KaterinaMiroshnik won by resignation"]

1. d4 Nf6 2. Nf3 e6 3. c3 c5 4.
Nbd2 b6 5. e4 cxd4 6. cxd4 Bb7 7. Bd3 d6 8. O-O Nbd7 9. b3 e5 10. d5 Nc5 11. Bb5+ Ncd7 12. b4 Be7 13. Bb2 O-O 14.
Re1 a6 15. Ba4 b5 16. Bb3 Nb6 17. Qe2 Qd7 18. Rec1 Rfc8 19. Ne1 Qg4 20. f3 Qd7 21. Nd3 Nh5 22. g3 g6 23. Nf2 Ng7 24. Ng4 h5 25. Nh6+ Kf8 26. f4 Bf6 27. Rf1 Ne8 28. fxe5 dxe5 29.
Nf3 Kg7 30. Nxe5 Bxe5 31. Bxe5+ Kxh6 32. Qe3+ Kh7 33. Qxb6 a5 34. bxa5 Ra6 35. Qf2 Rxa5 36. Qxf7+ Qxf7 37. Rxf7+ 1-0

[Event "*** Titled Tuesday Blitz"]
[Site "Chess.com"]
[Date "2021.02.02"]
[Round "3"]
[White "1977Ivan"]
[Black "EvgenyT"]
[Result "1-0"]
[WhiteElo "2721"]
[BlackElo "2974"]
[TimeControl "180+1"]
[EndTime "10:29:52 PST"]
[Termination "1977Ivan won by resignation"]

1. c4 Nf6 2. Nc3 e5 3. e3 d5 4.
cxd5 Nxd5 5. Qh5 Nc6 6. Bb5 Nb4 7. Qxe5+ Be6 8. Qe4 a6 9. Be2 Qd7 10. a3 f5 11. Qb1 Nd5 12. Nf3 O-O-O 13. O-O Be7 14.
b4 g5 15. b5 axb5 16. Bxb5 Qd6 17. Bxc6 Qxc6 18. Nd4 Qd7 19. Ncb5 c6 20. Nxe6 Qxe6 21.
Nd4 Qh6 22. Qxf5+ Kb8 23. Rb1 Rd6 24. Qc2 g4 25. Bb2 Qh5 26. Qf5 Bg5 27. Nxc6+ Rxc6 28. Bxh8 1-0

[Event "*** Titled Tuesday Blitz"]
[Site "Chess.com"]
[Date "2021.02.02"]
[Round "3"]
[White "Onischuk_V"]
[Black "korbul"]
[Result "1-0"]
[WhiteElo "2830"]
[BlackElo "2612"]
[TimeControl "180+1"]
[EndTime "10:29:52 PST"]
[Termination "Onischuk_V won by resignation"]

1. e4 c5 2. Ne2 Nc6 3. g3 e6 4. Bg2 Nf6 5. O-O d5 6. exd5 exd5 7. d4 cxd4 8. Nxd4 Be7 9. Nc3 h6 10. Nde2 Be6 11. Nf4 d4 12. Nxe6 fxe6 13. Ne4 Nxe4 14. Bxe4 O-O 15. Qg4 Rf6 16. Bd2 Ne5 17. Qe2 Qc7 18.
Bf4 Rxf4 19. gxf4 Nf7 20. Qg4 Bd6 21. Rad1 Bxf4 22. Rxd4 Ng5 23. Bg2 Be5 24. Rc4 Qd7 25.
f4 Bd4+ 26. Kh1 Nf7 27. Rd1 Qb5 28. Rcxd4 Qxb2 29. Qxe6 Qxc2 30. Rd8+ Rxd8 31. Rxd8+ Kh7 32. Be4+ 1-0

[Event "*** Titled Tuesday Blitz"]
[Site "Chess.com"]
[Date "2021.02.02"]
[Round "3"]
[White "MrChampion_Coach"]
[Black "nrvisakh"]
[Result "0-1"]
[WhiteElo "2439"]
[BlackElo "2735"]
[TimeControl "180+1"]
[EndTime "10:29:53 PST"]
[Termination "nrvisakh won by resignation"]

1. d4 Nf6 2. c4 g6 3. Nc3 Bg7 4. e4 d6 5. h3 O-O 6. Be3 e5 7. d5 a5 8. g4 Na6 9. Nge2 c6 10. Ng3 cxd5 11. cxd5 Bd7 12. f3 Qb8 13. Bb5 Rc8 14. g5 Rxc3 15. bxc3 Bxb5 16. gxf6 Bxf6 17. Kf2 Qc8 18.
Rb1 Bc4 19. Rb6 Nc5 20. Rxd6 Nd3+ 21. Kg2 Be7 22. Rb6 Bc5 23. Qd2 Nf4+ 24. Kh2 Qxh3+ 0-1

[Event "*** Titled Tuesday Blitz"]
[Site "Chess.com"]
[Date "2021.02.02"]
[Round "3"]
[White "chesslh19"]
[Black "SanchezKelvin"]
[Result "1/2-1/2"]
[WhiteElo "2258"]
[BlackElo "2477"]
[TimeControl "180+1"]
[EndTime "10:29:56 PST"]
[Termination "Game drawn by repetition"]

1. e4 c5 2. Nf3 d6 3. d4 cxd4 4.
Nxd4 Nf6 5. Nc3 g6 6. Be3 Bg7 7. f3 O-O 8. Qd2 Nc6 9. O-O-O Nxd4 10. Bxd4 Be6 11. g4 Qa5 12. Kb1 Rfc8 13. a3 Rab8 14.
Nd5 Qxd2 15. Rxd2 Nxd5 16. Bxg7 Kxg7 17. exd5 Bd7 18. Rd4 f5 19. g5 h6 20. h4 hxg5 21.
hxg5 Rh8 22. Rdh4 Rxh4 23. Rxh4 Rh8 24. Rxh8 Kxh8 25. f4 Kg7 26. Kc1 Kf7 27. Kd2 e5 28.
dxe6+ Bxe6 29. Ke3 Bd5 30. Kd4 Be4 31. Bc4+ Ke7 32. c3 b6 33. Bb3 Bb1 34. Bd5 Bc2 35. Bc4 Bd1 36. Bd5 Kd7 37. Bf7 Bh5 38. b4 Ke7 39.
Bd5 Bd1 40. c4 Ba4 41. Bg8 Bd1 42. Bd5 Be2 43. Bc6 Bf1 44. Bd5 Be2 45. Bc6 Bd1 46.
Bd5 1/2-1/2

[Event "*** Titled Tuesday Blitz"]
[Site "Chess.com"]
[Date "2021.02.02"]
[Round "3"]
[White "medalja"]
[Black "Sanan_Sjugirov"]
[Result "0-1"]
[WhiteElo "2466"]
[BlackElo "2893"]
[TimeControl "180+1"]
[EndTime "10:29:58 PST"]
[Termination "Sanan_Sjugirov won by resignation"]

1. d4 Nf6 2. Nf3 g6 3. c4 Bg7 4. g3 O-O 5. Bg2 c5 6. O-O d6 7. Nc3 Nc6 8. dxc5 dxc5 9. Be3 Qa5 10. Qb3 Qb4 11. Rfd1 Na5 12. Qxb4 cxb4 13. Nd5 Nxd5 14.
cxd5 Nc4 15. Bd4 Nxb2 16. Bxg7 Kxg7 17. Rdb1 Na4 18. Rxb4 Nc3 19. Nd4 Rd8 20. e4 e5 21.
Nb3 b5 22. Na5 Bd7 23. Kf1 Rdc8 24. Rc1 Nxa2 25. Rxc8 Rxc8 26. Rb2 Nc3 27. Ke1 Na4 28. Ra2 b4 29. Bf1 Rc1+ 30. Ke2 Nc3+ 31. Kd2 Nxa2 0-1

[Event "*** Titled Tuesday Blitz"]
[Site "Chess.com"]
[Date "2021.02.02"]
[Round "3"]
[White "Sviridov_Valery"]
[Black "djano"]
[Result "1-0"]
[WhiteElo "2937"]
[BlackElo "2471"]
[TimeControl "180+1"]
[EndTime "10:29:59 PST"]
[Termination "Sviridov_Valery won on time"]

1. d4 Nf6 2. Nf3 g6 3. c4 Bg7 4. g3 O-O 5. Bg2 c6 6. O-O d5 7. cxd5 cxd5 8. Nc3 Ne4 9. Ng5 Nxc3 10. bxc3 Nc6 11.
e4 dxe4 12. Re1 Bf5 13. h4 Rc8 14. h5 e5 15. d5 Na5 16. Nxe4 Nc4 17. h6 Bh8 18. Rb1 b6 19. Bg5 f6 20. Bc1 Bxe4 21.
Bxe4 f5 22. Bg2 Nd6 23. Qa4 e4 24. Qxa7 b5 25. Bf4 Rf7 26. Qa3 Nc4 27. Qa6 Be5 28. Bxe5 Nxe5 29. Rxb5 Nd3 30. Reb1 Rfc7 31. Qe6+ Kf8 32. d6 Rxc3 33. Rb7 Rc1+ 34. Rxc1 Rxc1+ 35. Kh2 Qe8 36. Qf6+ 1-0

[Event "*** Titled Tuesday Blitz"]
[Site "Chess.com"]
[Date "2021.02.02"]
[Round "3"]
[White "IriBu"]
[Black "zmeeed67"]
[Result "1-0"]
[WhiteElo "2546"]
[BlackElo "2364"]
[TimeControl "180+1"]
[EndTime "10:30:03 PST"]
[Termination "IriBu won on time"]

1. e4 Nc6 2. Nf3 d6 3. h3 Nf6 4. Nc3 e5 5. d4 Be7 6. Bc4 O-O 7. O-O a6 8. a4 Bd7 9. a5 h6 10. d5 Nb8 11. Re1 Bc8 12. Bf1 Nbd7 13. b4 Re8 14. Bb2 Nf8 15. g3 Ng6 16. Bg2 Rf8 17. Na2 Bd7 18. c4 Nh7 19. Nc3 f5 20. exf5 Bxf5 21.
Ne4 Nf6 22. Nfd2 Qc8 23. Nxf6+ Bxf6 24. Kh2 Be7 25. Qe2 Rf7 26. Rac1 Qf8 27. Kg1 Qc8 28. Kh2 Qf8 29. Rf1 Bg5 30. c5 Rd8 31. Rc4 Ne7 32. cxd6 cxd6 33. Ne4 Bf6 34. Nxf6+ Rxf6 35. Rc7 Bc8 36. f4 1-0

[Event "*** Titled Tuesday Blitz"]
[Site "Chess.com"]
[Date "2021.02.02"]
[Round "3"]
[White "MartinMatthiesen"]
[Black "Oligan22"]
[Result "0-1"]
[WhiteElo "2338"]
[BlackElo "2522"]
[TimeControl "180+1"]
[EndTime "10:30:03 PST"]
[Termination "Oligan22 won by resignation"]

1. d4 Nf6 2. c4 e6 3. Nf3 b6 4. g3 Ba6 5. b3 Bb4+ 6. Bd2 Be7 7. Nc3 d5 8. cxd5 exd5 9. Bg2 Nbd7 10. a3 c5 11. O-O O-O 12. Ne5 Bb7 13. Bf4 Nxe5 14. dxe5 Ne4 15. Nxe4 dxe4 16. Qc2 Qd5 17. Rfd1 Qc6 18. Rd2 Rad8 19. Rad1 h6 20. h4 Rxd2 21. Rxd2 Rd8 22. Rxd8+ Bxd8 23. a4 Qd5 24. Qc3 Qd1+ 25. Bf1 Bd5 26. e6 Bxe6 27. Qe5 Bf6 28. Qb8+ Kh7 29. Qxa7 Bh3 0-1

[Event "*** Titled Tuesday Blitz"]
[Site "Chess.com"]
[Date "2021.02.02"]
[Round "3"]
[White "vovachesss"]
[Black "J36225"]
[Result "1-0"]
[WhiteElo "2736"]
[BlackElo "2440"]
[TimeControl "180+1"]
[EndTime "10:30:04 PST"]
[Termination "vovachesss won by resignation"]

1. e4 e5 2. Nc3 Nf6 3. g3 Bc5 4. Bg2 O-O 5. d3 c6 6. Be3 Bxe3 7. fxe3 d5 8. Qd2 dxe4 9. Nxe4 Nxe4 10. Bxe4 f5 11. Bg2 Be6 12. Ne2 Nd7 13. Nc3 Nf6 14.
O-O Nd5 15. d4 Nxc3 16. Qxc3 e4 17. Rf4 Rc8 18. Raf1 Qd5 19. Qa3 a6 20. Bxe4 Qd7 21.
g4 g5 22. R4f2 f4 23. exf4 Qxd4 24. Qd3 Qxd3 25. Bxd3 gxf4 26. Rxf4 Rxf4 27. Rxf4 Bxa2 28. b3 c5 29. Ra4 c4 30. Bxc4+ 1-0

[Event "*** Titled Tuesday Blitz"]
[Site "Chess.com"]
[Date "2021.02.02"]
[Round "3"]
[White "PawnEatingZombie"]
[Black "oneshot007"]
[Result "0-1"]
[WhiteElo "2234"]
[BlackElo "2455"]
[TimeControl "180+1"]
[EndTime "10:30:04 PST"]
[Termination "oneshot007 won on time"]

1. d4 Nf6 2. c4 e6 3. Nc3 Bb4 4. Qc2 d6 5. Nf3 O-O 6. g3 b6 7. Bg2 Bb7 8. O-O Nbd7 9. Bd2 Bxc3 10. bxc3 h6 11. a4 Ne4 12. a5 f5 13. Bc1 Ndf6 14.
Ne1 c5 15. f3 Ng5 16. Bxg5 hxg5 17. e4 f4 18. e5 dxe5 19. dxe5 Nd7 20. Nd3 Qe7 21.
a6 Bc6 22. Rae1 Rf7 23. Qe2 Raf8 24. g4 Rd8 25. Nf2 Nf8 26. Rd1 Ng6 27. Rxd8+ Qxd8 28. Rd1 Rd7 29. Rxd7 Qxd7 30. Nh3 Qd8 31. Kf2 Kh7 32. Ng1 Kh6 33. Bf1 Qc7 34. Qe1 Qxe5 35. Bd3 Qxe1+ 36.
Kxe1 Ne5 37. Be2 Bd7 38. Kd2 Bc8 0-1

[Event "*** Titled Tuesday Blitz"]
[Site "Chess.com"]
[Date "2021.02.02"]
[Round "3"]
[White "WilliamSchill"]
[Black "Zarikovs1999"]
[Result "0-1"]
[WhiteElo "1968"]
[BlackElo "2297"]
[TimeControl "180+1"]
[EndTime "10:30:04 PST"]
[Termination "Zarikovs1999 won on time"]

1. e4 e5 2. Nf3 Nc6 3. Nc3 Nf6 4. Be2 g6 5. d4 exd4 6. Nxd4 Bg7 7. Be3 O-O 8. Qd2 Re8 9. f3 a6 10. O-O-O Ne5 11. Bh6 b5 12. g4 c5 13. Nf5 gxf5 14.
gxf5 Bxh6 15. Qxh6 Kh8 16. Rhg1 Rg8 17. Nd5 Nxd5 18. exd5 Bb7 19. f4 Nc4 20. Bxc4 bxc4 21. Rg5 Rxg5 22. fxg5 Qf8 23. Qb6 Bc8 24. Rg1 d6 25. g6 fxg6 26. fxg6 Qf4+ 27. Kb1 Bf5 0-1

[Event "*** Titled Tuesday Blitz"]
[Site "Chess.com"]
[Date "2021.02.02"]
[Round "3"]
[White "joejan"]
[Black "Sokoloco"]
[Result "0-1"]
[WhiteElo "2229"]
[BlackElo "2494"]
[TimeControl "180+1"]
[EndTime "10:30:06 PST"]
[Termination "Sokoloco won by resignation"]

1. e4 g6 2. d4 Bg7 3. Nc3 d6 4. Bc4 Nf6 5. Qe2 e5 6. dxe5 dxe5 7. Bg5 c6 8. Nf3 Qe7 9. O-O-O O-O 10. h4 h5 11. Bb3 Nbd7 12. Qe3 Nc5 13. Nh2 a5 14. f3 a4 15. Bc4 b5 16. Be2 b4 17.
Nb1 b3 18. cxb3 axb3 19. a3 Ne6 20. g4 Nd4 21. gxh5 Qc5+ 22. Nc3 Rxa3 23. bxa3 Qxa3+ 24. Kd2 Qb2+ 25. Ke1 Nc2+ 26. Kf2 Nxe3 27. Bxe3 Qxc3 28.
hxg6 fxg6 29. Rd3 Qb4 30. Rb1 b2 31. Rd2 Nxe4+ 32. Ke1 Nxd2 33. Bxd2 Qxh4+ 0-1

[Event "*** Titled Tuesday Blitz"]
[Site "Chess.com"]
[Date "2021.02.02"]
[Round "3"]
[White "Ashedu66"]
[Black "onnoelgersma"]
[Result "0-1"]
[WhiteElo "2183"]
[BlackElo "2488"]
[TimeControl "180+1"]
[EndTime "10:30:06 PST"]
[Termination "onnoelgersma won on time"]

1. d4 d5 2. c4 e6 3. Nf3 Nf6 4. Nc3 a6 5. cxd5 exd5 6. Bg5 Be6 7. e3 Nbd7 8. Bd3 Bd6 9. O-O c6 10. e4 dxe4 11. Nxe4 Be7 12. Ng3 O-O 13. Re1 h6 14.
Bf4 Bb4 15. Re2 Bg4 16. Rc2 Re8 17. h3 Be6 18. a3 Bf8 19. Re2 Qb6 20. Be5 Bd5 21.
Nh4 Rad8 22. Qc2 Qb3 23. Rae1 Qxc2 24. Bxc2 g6 25. Re3 Bg7 26. Kh2 h5 27. f4 Bh6 28.
R3e2 b5 0-1

[Event "*** Titled Tuesday Blitz"]
[Site "Chess.com"]
[Date "2021.02.02"]
[Round "3"]
[White "Beca95"]
[Black "swisspower96"]
[Result "1-0"]
[WhiteElo "2897"]
[BlackElo "2646"]
[TimeControl "180+1"]
[EndTime "10:30:07 PST"]
[Termination "Beca95 won on time"]

1. d4 Nf6 2. Bg5 d5 3. e3 c5 4.
c3 Nc6 5. Nd2 h6 6. Bxf6 gxf6 7.
Ngf3 e5 8. dxe5 fxe5 9. e4 d4 10. Bc4 Be7 11. O-O Qd6 12. Bd5 Bf6 13. a4 Ne7 14. Nc4 Qc7 15. Re1 dxc3 16. bxc3 Rg8 17. g3 Bg4 18. Rb1 Nxd5 19. Qxd5 Rd8 20. Rxb7 Rxd5 21.
Rxc7 Rd7 22. Rc8+ Rd8 23. Rxd8+ Bxd8 24. Nfxe5 Be6 25. Nd6+ Ke7 26. Nf5+ Kf6 27. Nd3 c4 28.
Nf4 Ba5 29. Nxe6 fxe6 30. Nd6 1-0

[Event "*** Titled Tuesday Blitz"]
[Site "Chess.com"]
[Date "2021.02.02"]
[Round "3"]
[White "AliKa2810"]
[Black "rynos0411"]
[Result "1-0"]
[WhiteElo "2595"]
[BlackElo "2403"]
[TimeControl "180+1"]
[EndTime "10:30:07 PST"]
[Termination "AliKa2810 won by resignation"]

1. c4 Nf6 2. g3 g6 3. Bg2 Bg7 4. Nf3 O-O 5. O-O d6 6. d4 Nc6 7.
Nc3 e5 8. d5 Ne7 9. e4 a5 10.
Ne1 Ne8 11. Nd3 f5 12. f4 fxe4 13. Nxe4 exf4 14. Bxf4 Nf5 15. Bg5 Qd7 16. Nf4 Ne3 17. Qe2 Nxf1 18. Rxf1 Qg4 19. Bf3 Qf5 20. Be7 Rf7 21.
Ng5 Rxe7 22. Qxe7 Bd7 23. Be4 Qg4 24. Nfe6 Bxe6 25. Nxe6 h5 26. Qf7+ Kh7 27. Bxg6+ Kh6 28. Bf5 Nf6 1-0

[Event "*** Titled Tuesday Blitz"]
[Site "Chess.com"]
[Date "2021.02.02"]
[Round "3"]
[White "bylavochka"]
[Black "Taabling"]
[Result "0-1"]
[WhiteElo "2080"]
[BlackElo "2328"]
[TimeControl "180+1"]
[EndTime "10:30:07 PST"]
[Termination "Taabling won by resignation"]

1. e4 e5 2. Nf3 d5 3. d3 Nc6 4.
Be2 Be7 5. O-O Be6 6. c3 Nf6 7. Nbd2 h6 8. Qc2 O-O 9. b3 a5 10. a4 Re8 11. Re1 Qd7 12. Ba3 Bxa3 13. Rxa3 Rad8 14. Bf1 d4 15. cxd4 Nxd4 16. Nxd4 exd4 17. Nc4 b6 18. h3 Bxc4 19. bxc4 Qd6 20. Raa1 Nd7 21. g3 Nc5 22. Bg2 g5 23. Rf1 Re6 24. f4 Rg6 25. e5 Qd7 26. f5 Rg7 27. Rae1 Re8 28. e6 fxe6 29. fxe6 Qxa4 30. Qf2 Nxd3 31. Qf7+ Kh8 32. e7 Rxf7 33. Rxf7 Nxe1 34. Rf8+ Kg7 0-1